 Dungeon Crawl Stone Soup version 0.21-a0-584-g185da8e (webtiles) character file.

94 torrenera the Changer (level 4, -1/35 HPs)
             Began as a Draconian Transmuter on Dec 20, 2017.
             Killed from afar by Terence (7 damage)
             ... with a wand of flame (10)
             ... on level 2 of the Dungeon.
             The game lasted 00:04:07 (1969 turns).

torrenera the Changer (Draconian Transmuter)        Turns: 1969, Time: 00:04:08

Health: -1/35      AC:  5    Str: 12    XL:     4   Next: 38%
Magic:  0/7        EV: 12    Int: 14    God:
Gold:   85         SH:  0    Dex: 12    Spells: 1/7 levels left

rFire    . . .     SeeInvis .   d - +0 spear
rCold    . . .     Gourm    .   (no shield)
rNeg     . . .     Faith    .   (armour unavailable)
rPois    .         Spirit   .   (helmet restricted)
rElec    .         Reflect  .   (no cloak)
rCorr    .         Harm     .   (no gloves)
MR       .....                  (no boots)
Stlth    +.........             (no amulet)
HPRegen  0.11/turn              (no ring)
MPRegen  0.10/turn              (no ring)

@: no status effects
A: unfitting armour, cold-blooded, AC +5
a: no special abilities


You were on level 2 of the Dungeon.
You were hungry.

You visited 1 branch of the dungeon, and saw 2 of its levels.

You collected 85 gold pieces.

Inventory:

Hand Weapons
 d - a +0 spear (weapon)
Missiles
 a - 39 arrows
 g - 22 stones (quivered)
Jewellery
 j - an uncursed ring of protection from cold {unknown}
 k - a +3 amulet of reflection {unknown}
Scrolls
 e - 3 scrolls of magic mapping {unknown}
 h - 2 scrolls of noise {unknown}
 l - a scroll of teleportation {unknown}
Potions
 i - a potion of lignification {unknown}
Books
 b - a book of Changes

   Spells                             Type                      Level
   a - Beastly Appendage              Transmutation                1
   b - Sticks to Snakes               Transmutation                2
   c - Spider Form                    Transmutation/Poison         3
   d - Ice Form                       Ice/Transmutation            4
   e - Blade Hands                    Transmutation                5
Comestibles
 c - 2 rations
 f - 7 chunks of flesh


   Skills:
 - Level 1.1 Fighting
 - Level 1.7 Dodging
 - Level 3.0 Unarmed Combat
 - Level 2.0 Spellcasting
 + Level 4.7 Transmutations


You had one spell level left.
You knew the following spells:

 Your Spells              Type           Power        Failure   Level  Hunger
a - Beastly Appendage     Tmut           ##....       3%          1    ##.....
b - Sticks to Snakes      Tmut           ##......     4%          2    ###....
c - Spider Form           Tmut/Pois      #.........   26%         3    ####...


Dungeon Overview and Level Annotations

Branches:
Dungeon (2/15)

Altars:

Annotations:
D:2 Terence


Innate Abilities, Weirdness & Mutations

Your plain brown scales are hard. (AC +5)
You cannot fit into any form of body armour.
You are cold-blooded and may be slowed by cold attacks.


Message History

Terence is severely wounded.
Terence barely misses you.
You miss Terence.
Terence is severely wounded.
Terence hits you but does no damage.
You hit Terence but do no damage.
Your tail-slap misses Terence.
Terence is severely wounded.
Terence zaps a wand.
The puff of flame hits you!
* * * LOW HITPOINT WARNING * * *
You barely miss Terence.
Terence is severely wounded.
Terence hits you with a short sword.
* * * LOW HITPOINT WARNING * * *
Casting: Sticks to Snakes
Confirm with . or Enter, or press ? or * to list all spells.
You create a snake!
You now have 39 arrows.
Terence closely misses you.
You miss Terence.
Terence is severely wounded.
Terence zaps a wand.
The puff of flame hits you!
You die...

.# .## ..# #.## #. #..#
#.# ##.## #.#.##### .
##.)# #.#.....# ..?
..#'####.#.###.#####.....
.......#.#.#....@@......#
.......#.#.#.#.###S#.#.##
.......#.#...#... .#
.......#.#.#####.#.#
...............#.#.#
....####.#.###.# #.#
............. .#
.....###.#.#.# ## ...#.#
#.#.#.#


You could see Terence and a friendly ball python.

Vanquished Creatures
  3 adders (D:2)
  An ooze (D:1)
  A dart slug (D:1)
  2 leopard geckos (D:1)
  3 giant cockroaches (D:1)
  4 goblins (D:1)
  3 hobgoblins
  2 jackals (D:1)
  8 kobolds
  A quokka (D:2)
  2 ball pythons
  7 bats (D:1)
  7 frilled lizards
  5 rats
49 creatures vanquished.

Vanquished Creatures (collateral kills)
  Jessica (D:2)
  A goblin (D:2)
  A kobold (D:2)
  A quokka (D:2)
  A rat (D:2)
5 creatures vanquished.

Grand Total: 54 creatures vanquished

Notes
Turn   | Place    | Note
-------+----------+-------------------------------------------
     0 | D:1      | torrenera the Draconian Transmuter began the quest for the Orb.
     0 | D:1      | Reached XP level 1. HP: 16/16 MP: 3/3
   466 | D:1      | Reached XP level 2. HP: 23/23 MP: 5/5
   476 | D:1      | Learned a level 2 spell: Sticks to Snakes
   495 | D:1      | Reached skill level 3 in Transmutations
   765 | D:1      | Reached XP level 3. HP: 28/28 MP: 4/6
  1077 | D:2      | Reached skill level 4 in Transmutations
  1374 | D:2      | Noticed Jessica
  1390 | D:2      | Killed Jessica
  1390 | D:2      | Reached XP level 4. HP: 7/35 MP: 0/7
  1909 | D:2      | Learned a level 3 spell: Spider Form
  1940 | D:2      | Noticed Terence
  1969 | D:2      | Killed from afar by Terence

Vault maps used:
D:1:      lemuel_arrival_tunnels
D:2:      uniq_terence, uniq_jessica

Skill      XL: |  1  2  3 |
---------------+----------+-----
Transmutations | 3 4 |  4.7
Fighting       | |  1.1
Dodging        | |  1.7
Unarmed Combat | |  3.0
Spellcasting   | |  2.0

Action                   |  1- 3 |  4- 6 || total
-------------------------+-------+-------++-------
Melee: Spear             |   152 |    52 ||   204
       Unarmed           |     6 |       ||     6
       Tailslap          |    12 |       ||    12
       Kick              |     3 |       ||     3
       Punch             |     3 |       ||     3
       Headbutt          |     1 |       ||     1
Throw: Stone             |     2 |       ||     2
 Cast: Beastly Appendage |     5 |       ||     5
       Sticks to Snakes  |     8 |     8 ||    16
 Stab: Sleeping          |     2 |       ||     2
       Distracted        |     1 |       ||     1
  Eat: Chunk             |     2 |     2 ||     4
Armor: Skin              |    58 |    12 ||    70
Dodge: Dodged            |   108 |    25 ||   133

Table legend:
 A = Spawn XP
 B = Non-spawn XP
 C = Spawn XP percentage of total XP
 D = Spawn monster count
 E = Non-spawn monster count
 F = Spawn count percentage of total count
 G = Total turns spent on level
                    A         B        C        D         E        F      G
               +---------+---------+-------+---------+---------+-------+---------
         Total |       0 |     135 |   0.0 |       0 |      54 |   0.0 |  1969
               +---------+---------+-------+---------+---------+-------+---------
           D:1 |       0 |      63 |   0.0 |       0 |      35 |   0.0 |  1230
           D:2 |       0 |      72 |   0.0 |       0 |      19 |   0.0 |   739
               +---------+---------+-------+---------+---------+-------+---------
